 Dungeon Crawl Stone Soup version 0.28-a0-863-g8cecda6153 (webtiles) character file.

Game seed: 2478031312488814585

8743 ytrimaz the Cleaver (level 11, 0/99 HPs)
             Began as a Red Draconian Berserker on Nov 18, 2021.
             Was a Priest of Trog.
             Slain by a freezing wraith (12 damage)
             ... led by a death knight
             ... on level 2 of the Abyss.
             The game lasted 00:11:26 (6453 turns).

ytrimaz the Cleaver (Red Draconian Berserker)       Turns: 6453, Time: 00:11:26

Health: 0/99       AC: 14    Str: 25      XL:     11   Next: 13%
Magic:  11/11      EV: 14    Int:  3 (7)  God:    Trog [***...]
Gold:   379        SH:  0    Dex: 11      Spells: 10/10 levels left

rFire   + . .      SeeInvis .   o - +0 war axe (vorpal)
rCold   . . .      Faith    .   (no shield)
rNeg    . . .      Spirit   .   (armour unavailable)
rPois   .          Reflect  .   (helmet restricted)
rElec   .          Harm     .   (no cloak)
rCorr   +          Rampage  .   c - +1 pair of gloves
Will    .....                   n - +0 pair of boots
Stlth   +.........              i - amulet of regeneration
HPRegen 1.26/turn               t - +4 ring of protection
MPRegen 0.12/turn               j - ring of resist corrosion

@: about to teleport, flayed, on berserk cooldown, slowed, very slow
A: breathe fire, AC +7, unfitting armour, fire resistance 1, cold-blooded,
deterioration 1, strong 1
a: Breathe Fire, Renounce Religion, Berserk, Trog's Hand


You were on level 2 of the Abyss.
You worshipped Trog.
Trog was most pleased with you.
You visited 2 branches of the dungeon, and saw 9 of its levels.
You visited the Abyss 1 time.
You also visited: Bailey.

You collected 379 gold pieces.

Inventory:

Hand Weapons
 a - a +0 hand axe
 o - a +0 vorpal war axe (weapon)
Missiles
 f - 70 boomerangs (quivered)
 p - 5 throwing nets
Armour
 c - a +1 pair of gloves (worn)
 n - a +0 pair of boots (worn)
Jewellery
 i - an amulet of regeneration (around neck)
 j - a ring of resist corrosion (right hand)
 k - a ring of protection from fire
 r - a ring of protection from cold
 t - a +4 ring of protection (left hand)
 x - an amulet of guardian spirit
Scrolls
 g - 5 scrolls of teleportation
 m - a scroll of vulnerability
 q - a scroll of blinking
 u - a scroll of magic mapping
Potions
 b - 8 potions of heal wounds
 d - a potion of degeneration
 e - a potion of flight
 h - 3 potions of invisibility
 l - a potion of resistance {unknown}
 s - 3 potions of cancellation {unknown}
 v - 3 potions of magic {unknown}


   Skills:
 + Level 10.0 Fighting
 + Level 12.3 Axes
 * Level 1.5 Throwing
 + Level 8.2 Dodging
 + Level 4.6 Shields


You had 10 spell levels left.
You didn't know any spells.
Your spell library was empty.

Dungeon Overview and Level Annotations

Branches:
Dungeon (10/15)            Temple (1/1) D:4          Bailey (visited)
   Lair: D:8-11         Orc: D:9-12

Altars:
Zin

Shops:
D:1 !   D:10 *

Annotations:
D:10 Sonja


Innate Abilities, Weirdness & Mutations

You can breathe blasts of fire.
Your fiery red scales are hard. (AC +7)
You cannot fit into any form of body armour.
Your flesh is heat resistant. (rF+)
You are cold-blooded and may be slowed by cold attacks.
Your body sometimes deteriorates upon taking damage.
Your muscles are strong. (Str +2)


Message History

The freezing wraith hits you!
* * * LOW HITPOINT WARNING * * *
The freezing wraith freezes you!
* * * LOW HITPOINT WARNING * * *
The freezing wraith barely misses you.
You feel much better. The freezing wraith hits you!
* * * LOW HITPOINT WARNING * * *
The freezing wraith freezes you!!
You feel as though you will be slow longer.
* * * LOW HITPOINT WARNING * * *
The freezing wraith completely misses you.
The freezing wraith barely misses you. x2
You feel much better.
The freezing wraith hits you but does no damage.
The freezing wraith closely misses you.
Unknown command.
You feel much better. The freezing wraith barely misses you.
The freezing wraith completely misses you. x2
The freezing wraith hits you. The freezing wraith drains your vigour!
You feel as though you will be slow longer.
Unknown command.
As you read the scroll of teleportation, it crumbles to dust.
You feel strangely unstable.
You feel the power of the Abyss delaying your translocation!
The freezing wraith hits you. The freezing wraith freezes you!!
* * * LOW HITPOINT WARNING * * *
Your body deteriorates!
You feel dopey. The freezing wraith misses you.
The flayed ghost cries, "Suffer as I suffered!"
Terrible wounds open up all over your body!
* * * LOW HITPOINT WARNING * * *
The freezing wraith barely misses you.
The freezing wraith hits you but does no damage.
Unknown command.
Unknown command.
The freezing wraith hits you!
* * * LOW HITPOINT WARNING * * *
The freezing wraith freezes you!
You feel as though you will be slow longer.
You die...

.... # ###.. ##
#. # # # ### #
#.. . #
#######.#####.#
#..
#.......@.....#
##
#.#####W#######
. . # ##W#
≈≈≈≈≈≈..##..# #
#≈..###)# .#≈..
..## . .≈ #####
. .# . ... # ≈
. .


You could see a flayed ghost and a freezing wraith.

Vanquished Creatures
  Harold (D:7)
  A death knight (Abyss:2)
  A two-headed ogre (D:10)
  A glowing orange brain (Abyss:2)
  Eustachio (D:5)
  A neqoxec (Abyss:2)
  Edmund (D:5)
  2 black bears
  3 orc warriors
  2 ice beasts (D:6)
  3 sky beasts (D:5)
  A centaur (D:6)
  A phantom (D:4)
  3 scorpions
  A wyvern skeleton (D:7)
  A howler monkey (D:4)
  2 centaur zombies
  A jelly (D:5)
  A hound (D:5)
  2 gnoll shamans
  2 orc priests (D:7)
  4 iguanas
  4 orc wizards
  A howler monkey zombie (D:7)
  28 gnolls
  5 adders
  2 ufetubi
  2 worms
  4 dart slugs
  21 orcs
  8 ball pythons
  3 bats
  2 endoplasms
  5 giant cockroaches
  9 goblins
  13 hobgoblins
  15 kobolds
  2 quokkas (D:1)
  3 frilled lizards
  3 rats
166 creatures vanquished.

Vanquished Creatures (others)
  14 fungi (D:5)
14 creatures vanquished.

Grand Total: 180 creatures vanquished

Notes
Turn   | Place    | Note
-------+----------+-------------------------------------------
     0 | D:1      | ytrimaz the Draconian Berserker began the quest for the
                  | Orb.
     0 | D:1      | Reached XP level 1. HP: 19/19 MP: 1/1
   203 | D:1      | Reached XP level 2. HP: 23/26 MP: 2/2
   474 | D:1      | Found Uffyl's Distillery.
  1010 | D:2      | Reached XP level 3. HP: 33/33 MP: 3/3
  1473 | D:2      | Reached ** piety under Trog
  2230 | D:3      | Reached XP level 4. HP: 40/40 MP: 4/4
  2490 | D:3      | Reached skill level 4 in Axes
  2526 | D:3      | Found a faded altar of an unknown god.
  3173 | D:4      | Noticed a phantom
  3179 | D:4      | Found a staircase to the Ecumenical Temple.
  3192 | D:4      | Reached XP level 5. HP: 40/47 MP: 5/5
  3196 | D:4      | Killed a phantom
  3215 | D:4      | Reached skill level 5 in Axes
  3224 | Temple   | Entered the Ecumenical Temple
  3231 | Temple   | Reached XP level 6. HP: 51/55 MP: 6/6
  3731 | D:4      | Reached skill level 5 in Fighting
  3836 | D:4      | Found a glowing silver altar of Zin.
  3836 | D:4      | Noticed an angel
  3927 | D:5      | Entered Level 5 of the Dungeon
  3967 | D:5      | Reached skill level 6 in Axes
  3967 | D:5      | Your scales start taking on a fiery red colour.
  3967 | D:5      | Reached XP level 7. HP: 48/61 MP: 7/7
  3967 | D:5      | Gained mutation: Your flesh is heat resistant. (rF+) [Red
                  | Draconian growth]
  4053 | D:5      | Noticed Edmund
  4070 | D:5      | Killed Edmund
  4071 | D:5      | Reached skill level 5 in Dodging
  4340 | D:5      | Reached *** piety under Trog
  4341 | D:5      | Reached skill level 7 in Axes
  4502 | D:5      | Noticed Eustachio
  4525 | D:5      | Killed Eustachio
  4526 | D:5      | Reached XP level 8. HP: 64/70 MP: 8/8
  4844 | D:6      | Reached skill level 8 in Axes
  5359 | D:7      | Reached skill level 9 in Axes
  5472 | D:7      | Reached XP level 9. HP: 79/79 MP: 9/9
  5569 | D:7      | Noticed Harold
  5581 | D:7      | Killed Harold
  5582 | D:7      | Reached skill level 10 in Axes
  5601 | D:7      | Found a flagged portal.
  5617 | Bailey   | Entered a bailey
  5679 | Bailey   | Reached **** piety under Trog
  6150 | D:7      | You fall into a shaft and drop 3 floors!
  6150 | D:10     | Entered Level 10 of the Dungeon
  6150 | D:10     | Found Qauxtur's Mass Market.
  6182 | D:10     | Noticed a two-headed ogre
  6195 | D:10     | Killed a two-headed ogre
  6196 | D:10     | Reached skill level 11 in Axes
  6256 | D:10     | Noticed Sonja
  6265 | D:10     | Cast into level 2 of the Abyss (Sonja)
  6270 | Abyss:2  | Gained mutation: Your muscles are strong. (Str +2) [a
                  | neqoxec]
  6272 | Abyss:2  | Gained mutation: Your body sometimes deteriorates upon
                  | taking damage. [a neqoxec]
  6400 | Abyss:2  | Noticed a glowing orange brain
  6401 | Abyss:2  | Noticed an orange demon
  6407 | Abyss:2  | Reached skill level 12 in Axes
  6407 | Abyss:2  | Reached XP level 10. HP: 93/93 MP: 10/10
  6420 | Abyss:2  | Noticed a death knight
  6421 | Abyss:2  | Killed a glowing orange brain
  6422 | Abyss:2  | Reached skill level 1 in Throwing
  6422 | Abyss:2  | Reached XP level 11. HP: 99/99 MP: 11/11
  6442 | Abyss:2  | Killed a death knight
  6443 | Abyss:2  | Reached skill level 10 in Fighting
  6443 | Abyss:2  | Noticed a flayed ghost
  6447 | Abyss:2  | HP: 1/99 [freezing wraith[a death knight] (20)]
  6453 | Abyss:2  | Slain by a freezing wraith

Illustrated notes

Levels and vault maps discovered:
D:1:      psy_arrival_conway, layout_basic, serial_shops, nicolae_lakefront_shop
D:2:      layout_basic
D:3:      layout_basic, shapermc_ecumenical_altar_notcrosses,
          kennysheep_generic_room_10
D:4:      layout_basic, zin_angel, minmay_temple_entry_mini_moons,
          kennysheep_generic_room_15
D:5:      layout_loops_cross, serial_aquarium, aquarium_bridge_island_small
          [aquarium_subvault_small_open, aquarium_subvault_bridge,
          aquarium_subvault_bridge, aquarium_subvault_balcony,
          aquarium_subvault_wall], aquarium_window_1, aquarium_window_fake,
          aquarium_view_2e, aquarium_view_2b, aquarium_balcony_3b,
          aquarium_pool_1, kennysheep_crisscross, uniq_edmund, uniq_eustachio
D:6:      layout_rooms
D:7:      layout_loops_ring, enter_bailey_3, chequers_serial_rivers_micro_a,
          uniq_harold
D:10:     layout_roguey, grunt_ministairs_7, minmay_shop_mass,
          minmay_sticks_and_stones, uniq_sonja, uniq_erica, uniq_nergalle
Temple:   mainiacjoe_temple_bowtie_tessellation
Abyss:2:  base: D:7, evilmike_abyss_exit_10, patterned_corridor

Skill      XL: |  1  2  3  4  5  6  7  8  9 10 11 |
---------------+----------------------------------+-----
Dodging        | 3 4 5 6 8 |  8.2
Fighting       | 4 5 6 7 9 10 | 10.0
Axes           | 4 5 6 7 9 12 | 12.3
Shields        | 4 |  4.6
Throwing       | 1 |  1.5

Action                   |  1- 3 |  4- 6 |  7- 9 | 10-12 || total
-------------------------+-------+-------+-------+-------++-------
Melee: Hand axe          |   128 |   169 |    20 |       ||   317
       Tailslap          |    17 |    26 |    25 |     4 ||    72
       War axe           |       |       |   222 |    20 ||   242
Throw: Boomerang         |       |       |     5 |       ||     5
Invok: Berserk           |     1 |     3 |     7 |     1 ||    12
       Trog's Hand       |       |     1 |     4 |       ||     5
 Abil: Breathe Fire      |       |       |    23 |       ||    23
  Use: Scroll            |     3 |     2 |     9 |     1 ||    15
       Potion            |       |       |     2 |     3 ||     5
 Stab: Sleeping          |     1 |       |       |       ||     1
Armor: Skin              |    39 |    81 |    86 |     4 ||   210
Dodge: Dodged            |    74 |   152 |   195 |    10 ||   431

Table legend: (Time is in decaauts)
 A = Elapsed time spent in this place.
 B = Non-inter-level travel time spent in this place.
 C = Inter-level travel time spent in this place.
 D = Time resting spent in this place.
 E = Time spent auto-exploring this place.
 F = Levels seen in this place.
 G = Mean time per level.
                   A        B        C        D        E       F      G
               +--------+--------+--------+--------+--------+-----+--------+
         Total |   6576 |   6442 |    134 |    521 |   4467 |  11 |  597.8 |
       Dungeon |   5854 |   5720 |    134 |    296 |   4233 |   8 |  731.8 |
        Temple |    212 |    212 |      0 |    204 |      0 |   1 |  212.0 |
         Abyss |    196 |    196 |      0 |     20 |     96 |   1 |  196.0 |
        Bailey |    313 |    313 |      0 |      0 |    137 |   1 |  313.0 |
               +--------+--------+--------+--------+--------+-----+--------+

Top non-repeatable levels by time:
     D:2: 1031 daAuts
     D:4: 974 daAuts
     D:3: 966 daAuts
     D:5: 930 daAuts
     D:1: 795 daAuts
     D:6: 536 daAuts
     D:7: 496 daAuts
  Bailey: 313 daAuts
  Temple: 212 daAuts
 Abyss:2: 196 daAuts
    D:10: 121 daAuts
